 Dungeon Crawl Stone Soup version 0.20.1-1-g8b1a95d (webtiles) character file.

2260 JeffiDaFish the Stinger (level 9, -3/49 HPs)
             Began as a Gargoyle Venom Mage on July 29, 2017.
             Was a Follower of Sif Muna.
             Shot with an arrow by a centaur (11 damage)
             ... on level 8 of the Dungeon on July 30, 2017.
             The game lasted 00:24:03 (6756 turns).

JeffiDaFish the Stinger (Gargoyle Venom Mage)       Turns: 6756, Time: 00:24:04

Health: -3/49      AC: 10    Str: 13    XL:     9   Next: 38%
Magic:  4/17       EV: 15    Int: 18    God:    Sif Muna [*.....]
Gold:   419        SH:  0    Dex: 13    Spells: 8/19 levels left

rFire    . . .     SeeInvis .   k - +1 dagger (elec)
rCold    . . .     Gourm    +   (no shield)
rNeg     + . .     Faith    .   p - +0 leather armour
rPois    ∞         Spirit   .   o - +0 helmet
rElec    +         Reflect  .   (no cloak)
rCorr    .         Harm     .   (no gloves)
MR       .....                  (no boots)
Stlth    ++........             w - amulet of the gourmand
Regen    0.2/turn               f - +3 ring of intelligence
MPRegen  0.2/turn               l - +2 ring of evasion

@: no status effects
A: negative energy resistance 1, electricity resistance, unbreathing,
petrification resistance, rot immunity, AC +5
a: Divine Energy, Renounce Religion


You were on level 8 of the Dungeon.
You worshipped Sif Muna.
Sif Muna was aware of your devotion.
You were very full.

You visited 2 branches of the dungeon, and saw 9 of its levels.

You collected 419 gold pieces.

Inventory:

Hand Weapons
 k - a +1 dagger of electrocution (weapon)
Armour
 o - a +0 helmet (worn)
 p - a +0 leather armour (worn)
Jewellery
 f - a +3 ring of intelligence (left hand)
 l - a +2 ring of evasion (right hand)
 w - an amulet of the gourmand (around neck)
Wands
 a - a wand of disintegration (14/24)
Scrolls
 e - 5 scrolls of remove curse
 h - 5 scrolls of identify
 m - 3 scrolls of recharging
 n - 7 scrolls of teleportation
Potions
 j - a potion of invisibility
 q - a potion of heal wounds
 r - 2 potions of curing
 s - 2 potions of flight
 v - 2 potions of magic
Books
 b - a Young Poisoner's Handbook

   Spells                             Type                      Level
   a - Sting                          Conjuration/Poison           1
   b - Poisonous Vapours              Poison/Air                   2
   c - Mephitic Cloud                 Conjuration/Poison/Air       3
   d - Olgreb's Toxic Radiance        Poison                       4
   e - Venom Bolt                     Conjuration/Poison           5
 t - a book of Air

   Spells                             Type                      Level
   a - Shock                          Conjuration/Air              1
   b - Swiftness                      Charms/Air                   2
   c - Static Discharge               Conjuration/Air              3
   d - Airstrike                      Air                          4
   e - Lightning Bolt                 Conjuration/Air              5
Comestibles
 c - 6 bread rations
 d - a fruit
 g - 3 meat rations
 i - 4 royal jellies


   Skills:
 + Level 2.7 Fighting
 + Level 4.1 Short Blades
 + Level 2.8 Armour
 + Level 3.4 Dodging
 + Level 4.2 Stealth
 + Level 5.8 Spellcasting
 + Level 2.3 Conjurations
 + Level 3.2 Air Magic
 + Level 6.1 Poison Magic


You had 8 spell levels left.
You knew the following spells:

 Your Spells              Type           Power        Failure   Level  Hunger
a - Sting                 Conj/Pois      ###.         2%          1    None
b - Poisonous Vapours     Pois/Air       ###...       3%          2    None
c - Mephitic Cloud        Conj/Pois/Air  ###.....     10%         3    ##.....
d - Venom Bolt            Conj/Pois      ###.......   58%         5    #####..


Dungeon Overview and Level Annotations

Branches:
Dungeon (8/15)             Temple (1/1) D:4            Lair (0/6) D:8

Altars:
Ashenzari
Cheibriados
Elyvilon
Hepliaklqana
Okawaru
Qazlal
Ru
Sif Muna
Trog
Vehumet
Xom
Zin
The Shining One

Shops:
D:6 =   D:7 ?

Annotations:
D:4 imallriledup's ghost, amateur MiFi


Innate Abilities, Weirdness & Mutations

You are resistant to torment.
Your stone body is resilient. (AC +5)
You are immune to poison.
You resist negative energy. (rN+)
You are resistant to electric shocks. (rElec)
You can survive without breathing.
You are immune to petrification.
You are immune to rotting.


Message History

You hit the troll but do no damage.
You kill the electric eel!
Sif Muna accepts your kill.
The electric eel shoots out a bolt of lightning at you!
The bolt of electricity misses you.
The troll is engulfed in noxious fumes.
The troll appears confused.
The troll is engulfed in noxious fumes.
The troll falls into the water!
The troll drowns.
Sif Muna accepts your kill.
The centaur wields a shortbow.
The centaur shoots an arrow.
The arrow hits you.
You see here an arrow.
The centaur shoots an arrow.
The arrow hits you!
* * * LOW HITPOINT WARNING * * *
You see here an arrow.
The centaur shoots an arrow.
The arrow hits you.
* * * LOW HITPOINT WARNING * * *
The centaur shoots an arrow.
The arrow barely misses you.
You see here an arrow.
The centaur shoots an arrow.
The arrow hits you!
You die...

...#≈≈≈≈≈≈≈≈≈≈≈≈.
#.#...≈≈≈≈≈c≈;≈.
(.$.≈.≈≈≈≈≈.≈≈≈≈
#...≈.≈≈≈≈....
#>##
#.....(..≈....
....#.....(≈.≈....
#..............
#.#)###(#######
#.#.# #@#
#.#.###.#
#.#.....##
#.##.....#
#.#..##).#
###....##<.#######
+....÷............
####..<.##.#######
##...##.#


You could see a centaur and an electric eel.

Vanquished Creatures
  A troll (D:8)
  A hippogriff (D:8)
  Sigmund (D:3)
  Menkaure (D:7)
  A hornet zombie (D:6)
  A black bear (D:7)
  4 wolves (D:8)
  A centaur (D:6)
  2 bullfrogs
  2 electric eels (D:8)
  A howler monkey (D:5)
  An orc priest (D:3)
  A bullfrog zombie (D:8)
  2 quasits
  A gnoll shaman (D:5)
  4 hounds
  2 iguanas
  Natasha (D:4)
  4 orc wizards
  A worker ant (D:6)
  2 hound zombies
  Robin (D:2)
  A howler monkey zombie (D:6)
  5 gnolls (D:5)
  7 adders
  A shadow imp (D:7)
  An ooze (D:2)
  A worm (D:3)
  4 dart slugs
  2 leopard geckos
  14 orcs
  10 bats
  3 giant cockroaches
  14 goblins
  9 hobgoblins
  3 jackals (D:3)
  11 kobolds
  5 quokkas
  3 ball pythons
  5 frilled lizards
  A jackal skeleton (D:4)
  A leopard gecko skeleton (D:6)
  A quokka skeleton (D:4)
  8 rats
146 creatures vanquished.

Vanquished Creatures (others)
  An orc (D:8)
1 creature vanquished.

Grand Total: 147 creatures vanquished

Notes
Turn   | Place    | Note
-------+----------+-------------------------------------------
     0 | D:1      | JeffiDaFish the Gargoyle Venom Mage began the quest for the Orb.
     0 | D:1      | Reached XP level 1. HP: 10/10 MP: 3/3
   132 | D:1      | Reached XP level 2. HP: 14/15 MP: 3/5
   236 | D:1      | Learned a level 2 spell: Poisonous Vapours
   664 | D:1      | Reached XP level 3. HP: 19/19 MP: 0/6
  1638 | D:2      | Learned a level 3 spell: Mephitic Cloud
  1736 | D:2      | Reached XP level 4. HP: 24/24 MP: 1/8
  1903 | D:2      | Noticed Robin
  1912 | D:2      | Killed Robin
  2334 | D:3      | Noticed Sigmund
  2367 | D:3      | Killed Sigmund
  2367 | D:3      | Reached skill level 1 in Short Blades
  2367 | D:3      | Reached skill level 1 in Air Magic
  2367 | D:3      | Reached skill level 4 in Poison Magic
  2367 | D:3      | Reached XP level 5. HP: 28/28 MP: 0/10
  2367 | D:3      | Reached XP level 6. HP: 33/33 MP: 0/11
  2903 | D:3      | You fall through a shaft for 2 floors!
  2903 | D:5      | Entered Level 5 of the Dungeon
  2903 | D:5      | Found an iron altar of Okawaru.
  2977 | D:5      | Learned a level 5 spell: Venom Bolt
  2998 | D:5      | Reached skill level 1 in Fighting
  3105 | D:5      | Reached XP level 7. HP: 36/38 MP: 13/13
  3554 | D:5      | Found a bloodstained altar of Trog.
  3680 | D:4      | Noticed imallriledup's ghost (amateur MiFi)
  3899 | D:3      | Found a shattered altar of Ashenzari.
  4340 | D:4      | Found a staircase to the Ecumenical Temple.
  4378 | Temple   | Entered the Ecumenical Temple
  4392 | Temple   | Became a worshipper of Sif Muna the Loreminder
  4775 | D:4      | Noticed Natasha
  4777 | D:4      | Killed Natasha
  4857 | D:6      | Found Kuog's Jewellery Shoppe.
  4890 | D:6      | Reached skill level 1 in Armour
  4968 | D:6      | Reached XP level 8. HP: 29/43 MP: 4/14
  5414 | D:6      | Reached skill level 5 in Poison Magic
  5890 | D:7      | Found Suuvej's Magic Scroll Emporium.
  5906 | D:7      | Found a radiant altar of Vehumet.
  6121 | D:7      | Found a hazy altar of Hepliaklqana.
  6124 | D:7      | Found a shimmering altar of Xom.
  6125 | D:7      | Noticed a spectral ugly thing
  6352 | D:7      | Noticed Menkaure
  6357 | D:7      | Killed Menkaure
  6357 | D:7      | Reached skill level 5 in Spellcasting
  6524 | D:8      | Noticed a hippogriff
  6531 | D:8      | Killed a hippogriff
  6531 | D:8      | Reached * piety under Sif Muna
  6585 | D:8      | Reached XP level 9. HP: 18/48 MP: 5/17
  6612 | D:8      | Reached skill level 6 in Poison Magic
  6736 | D:8      | Noticed a troll
  6744 | D:8      | Found a staircase to the Lair.
  6752 | D:8      | Killed a troll
  6756 | D:8      | Shot with an arrow by a centaur

Skill      XL: |  1  2  3  4  5  6  7  8  9 |
---------------+----------------------------+-----
Short Blades   | 1 2 3 4 |  4.1
Dodging        | 2 3 |  3.4
Spellcasting   | 3 4 5 |  5.8
Air Magic      | 1 2 3 |  3.2
Poison Magic   | 4 5 6 |  6.1
Fighting       | 1 2 |  2.7
Stealth        | 3 4 |  4.2
Armour         | 1 2 |  2.8
Conjurations   | 2 |  2.3

Action                   |  1- 3 |  4- 6 |  7- 9 || total
-------------------------+-------+-------+-------++-------
Melee: Unarmed           |     3 |       |       ||     3
       Dagger            |    93 |    54 |   222 ||   369
       Short sword       |       |    43 |       ||    43
 Cast: Sting             |    29 |       |     3 ||    32
       Poisonous Vapours |    21 |    22 |    37 ||    80
       Mephitic Cloud    |       |     4 |     9 ||    13
  Use: Potion            |     4 |     4 |     5 ||    13
       Scroll            |     6 |     4 |     4 ||    14
 Stab: Confused          |       |       |     5 ||     5
       Sleeping          |       |       |     4 ||     4
  Eat: Chunk             |     4 |     7 |    19 ||    30
Armor: Robe              |    36 |     8 |       ||    44
       Leather armour    |       |    17 |    64 ||    81
Dodge: Dodged            |    72 |    58 |   126 ||   256
